Map: Turbo Cruise '84 LE

Players

Wolf - Winner!

  • Race: Protoss Protoss
  • League: Master
  • Spawn Location: 7:00

IIIIIIIIIIII

  • Race: Terran Terran
  • League: Diamond
  • Spawn Location: 3:00

VOD

Have the link to the VOD?

Description

Time

  • Played on: June 21, 2019, 5:43 p.m.
  • Length: 16:03
Show
View Real Time Build Order
Export as new Build Order

Wolf Protoss - Winner!

Build Orders: Double Forge 

Get SALT Encoding   

  12  0:00  Probe  
  13  0:12  Probe  
  14  0:20  Pylon  
  14  0:24  Probe  
  15  0:35  Probe  
  15  0:39  Gateway  
  16  0:43  Probe  
  16  0:48  Assimilator  
  17  0:53  Probe  
  18  1:01  Probe  
  18  1:06  Assimilator  
  18  1:09  Probe  
  19  1:14  Pylon  
  20  1:19  Probe  
  21  1:29  Cybernetics Core  
  21  1:31  Probe  
  22  1:35  Assimilator  
  22  1:43  Probe  
  23  1:55  Probe  
  24  2:06  Stalker  
  24  2:08  Warp Gate  
  24  2:13  Nexus  
  26  2:24  Pylon  
  26  2:26  Probe  
  27  2:36  Sentry  
  29  2:40  Gateway  
  29  2:49  Twilight Council  
  29  2:58  Gateway  
  29  3:05  Stalker  
  31  3:24  Probe  
  31  3:26  Probe  
  32  3:34  Charge  
  33  3:36  Probe  
  33  3:39  Forge  
  33  3:41  Forge  
  34  3:43  Probe  
  35  3:50  Probe  
  35  3:55  Probe  
  37  4:00  Pylon  
  37  4:02  Probe  
  38  4:05  Sentry x2  
  38  4:07  Protoss Ground Weapons Level 1, Probe  
  43  4:12  Protoss Ground Armor Level 1  
  43  4:14  Probe  
  44  4:19  Probe  
  45  4:26  Probe  
  46  4:31  Probe  
  47  4:43  Probe  
  47  4:44  Probe  
  49  4:49  Assimilator  
  49  4:51  Nexus  
  49  4:54  Pylon  
  49  4:55  Probe  
  49  4:56  Probe  
  49  4:58  Zealot  
  49  4:59  Zealot  
  55  5:03  Zealot  
  57  5:07  Probe  
  57  5:10  Templar Archives  
  57  5:12  Probe  
  59  5:15  Assimilator  
  59  5:20  Probe  
  60  5:23  Zealot  
  60  5:24  Zealot  
  60  5:28  Stalker  
  66  5:33  Pylon  
  66  5:36  Pylon, Probe  
  66  5:38  Probe  
  68  5:50  Shield Battery, Sentry  
  68  5:53  Pylon  
  68  5:57  Gateway  
  70  5:59  Gateway  
  70  6:02  Gateway  
  70  6:05  Probe  
  70  6:06  Probe  
  70  6:07  Protoss Ground Weapons Level 2  
  72  6:12  Zealot x2  
  72  6:15  Probe  
  72  6:17  Probe, Protoss Ground Armor Level 2  
  78  6:28  Probe x2  
  78  6:30  Probe  
  81  6:40  Probe x2  
  81  6:43  Probe  
  84  6:47  Sentry x2  
  84  6:48  Zealot  
  84  6:50  Psionic Storm  
  84  6:52  Probe  
  84  6:53  Probe  
  92  6:55  Probe, Assimilator  
  92  6:57  Assimilator  
  92  6:59  High Templar x2  
  97  7:04  Probe  
  97  7:05  Probe  
  97  7:07  Probe  
  100  7:10  Pylon  
  100  7:12  Stalker x2  
  104  7:16  Probe  
  105  7:31  Pylon  
  105  7:34  Probe x3  
  108  7:42  Pylon  
  108  7:44  Pylon  
  108  7:46  Probe x2  
  108  7:48  High Templar x2  
  108  7:49  Robotics Facility  
  114  7:52  Zealot  
  114  7:55  Nexus  
  114  7:56  Pylon  
  114  7:57  Gateway, Pylon  
  116  8:00  Gateway  
  116  8:02  Zealot  
  116  8:05  Pylon  
  118  8:21  Robotics Facility  
  118  8:22  Pylon  
  118  8:28  Protoss Ground Weapons Level 3  
  118  8:30  Pylon  
  118  8:33  Zealot x4  
  118  8:34  Zealot x2  
  130  8:43  Robotics Bay  
  130  8:45  Blink  
  130  8:47  Protoss Ground Armor Level 3  
  130  9:06  Probe x3  
  130  9:07  Probe  
  134  9:17  Shield Battery  
  134  9:18  Probe x3  
  134  9:20  Shield Battery, Assimilator, High Templar x4  
  134  9:22  Pylon, Assimilator  
  145  9:25  Archon x2  
  145  9:31  Pylon  
  145  9:41  Zealot x2  
  145  9:42  Zealot x2  
  107  10:02  Colossus x2  
  107  10:06  Zealot x7  
  99  10:07  Zealot  
  113  10:15  Extended Thermal Lance  
  111  10:25  Archon  
  109  10:34  High Templar  
  109  10:35  High Templar x2  
  115  10:37  Zealot x5  
  125  10:47  Gateway  
  125  10:48  Gateway  
  125  10:51  Gateway x2  
  125  10:52  Gateway  
  125  10:54  Gateway, Pylon, Colossus x2  
  125  10:56  Gateway  
  125  10:58  Pylon  
  137  11:05  Stalker x5  
  145  11:16  Archon  
  143  11:20  Zealot  
  143  11:21  Zealot x2  
  144  11:32  Zealot x3  
  146  11:34  Zealot  
  146  11:35  Zealot  
  144  11:51  Zealot x4  
  144  11:52  Zealot x7  
  138  12:01  Zealot x4  
  130  12:06  Colossus x2  
  148  12:11  Zealot x2  
  148  12:12  Zealot x5, Protoss Shields Level 1  
  148  12:13  Zealot  
  154  12:26  High Templar x2  
  158  12:31  High Templar x4  
  158  12:32  High Templar x2  
  158  12:33  High Templar x2  
  174  12:38  Zealot x3  
  174  12:39  Zealot x2  
  174  12:41  Probe x2  
  174  12:42  Assimilator  
  186  12:46  Archon x3  
  186  12:48  Archon  
  181  12:59  Stalker x3  
  187  13:12  Stalker x3  
  191  13:13  Zealot  
  195  13:26  Zealot x2  
  195  13:27  Zealot  
  187  13:40  Zealot x3  
  187  13:41  Zealot x5  
  179  14:05  Zealot  
  179  14:09  Pylon  
  179  14:11  Pylon  
  176  14:27  Stalker  
  176  14:28  Stalker x5  
  160  14:58  Zealot x5  
  160  14:59  Zealot x7  
  176  15:00  Zealot  
  146  15:24  Zealot x6  
  146  15:25  Zealot x8  
  160  15:56  Stalker x5  
  160  15:57  Stalker x4  
Show
View Real Time Build Order
Export as new Build Order

IIIIIIIIIIII Terran 

Build Orders: Cyclone Opening, Gas First Reaper Expand 

Get SALT Encoding   

  12  0:00  SCV  
  13  0:13  SCV  
  14  0:17  Supply Depot  
  14  0:25  SCV  
  15  0:29  Refinery  
  15  0:39  SCV  
  16  0:45  Barracks  
  16  0:51  SCV  
  17  1:03  SCV  
  18  1:15  SCV  
  19  1:32  Reaper, Orbital Command  
  20  1:47  Command Center  
  20  1:57  Factory  
  20  2:00  SCV  
  21  2:10  Barracks Tech Lab  
  21  2:12  Supply Depot  
  21  2:14  SCV  
  22  2:26  SCV  
  23  2:36  Barracks Reactor  
  23  2:39  SCV  
  24  2:51  SCV  
  25  2:54  Cyclone  
  28  2:58  Orbital Command  
  28  3:03  SCV  
  29  3:11  Refinery  
  29  3:15  SCV  
  29  3:18  Marine  
  29  3:19  Marine  
  32  3:24  SCV  
  33  3:27  SCV  
  33  3:30  Cyclone  
  37  3:37  Marine x2  
  37  3:39  SCV x2  
  41  3:47  Command Center  
  41  3:51  SCV x2, Refinery  
  41  3:54  Starport  
  41  3:55  Marine x2  
  45  4:03  Supply Depot, SCV  
  46  4:24  Siege Tank, SCV x2, Marine x2  
  46  4:28  Supply Depot  
  53  4:32  Starport Tech Lab  
  53  4:34  Barracks  
  53  4:37  SCV x2  
  54  4:42  Refinery  
  54  4:44  Engineering Bay  
  54  4:45  Engineering Bay  
  54  4:49  SCV, Marine x2  
  54  4:52  Raven  
  59  4:54  SCV  
  60  5:01  Supply Depot  
  60  5:04  Siege Tank  
  63  5:09  SCV x2  
  65  5:15  Marine x2  
  65  5:16  Terran Infantry Weapons Level 1  
  46  5:21  Orbital Command  
  67  5:24  Barracks  
  67  5:27  Terran Infantry Armor Level 1  
  67  5:28  SCV  
  68  5:29  SCV  
  68  5:32  Supply Depot  
  68  5:35  Marine x2  
  71  5:41  Starport Reactor  
  71  5:42  Orbital Command  
  71  5:43  Marine  
  71  5:44  Stimpack  
  71  5:46  SCV x2  
  74  5:55  Factory Reactor  
  74  5:56  Supply Depot, Marine x2  
  76  5:58  SCV x2  
  76  6:01  Barracks  
  78  6:10  SCV  
  78  6:11  SCV x2  
  81  6:15  Marauder, Marine x2  
  85  6:21  Medivac x2, Supply Depot  
  85  6:23  Combat Shield, SCV, Marauder  
  92  6:26  SCV x2  
  94  6:33  Armory  
  94  6:34  Marine x2  
  94  6:35  Refinery  
  94  6:37  Widow Mine x2  
  100  6:42  SCV x2  
  100  6:43  Marauder  
  100  6:46  Supply Depot  
  104  6:49  Barracks  
  104  6:51  Barracks Reactor  
  104  6:53  Marauder, Marine  
  107  6:55  Medivac  
  109  7:07  Medivac  
  109  7:08  SCV x3  
  114  7:10  Supply Depot, Widow Mine  
  116  7:15  Marine  
  116  7:21  Supply Depot  
  117  7:24  Terran Infantry Weapons Level 2  
  117  7:28  Terran Infantry Armor Level 2  
  117  7:31  Refinery, Marine  
  117  7:32  Marauder, SCV x3, Widow Mine  
  125  7:42  Supply Depot, Marine x3  
  125  7:43  Marauder, Widow Mine  
  132  7:47  Supply Depot  
  132  7:48  SCV  
  133  7:57  Concussive Shells  
  133  7:59  Barracks Tech Lab  
  133  8:04  Marauder x2, SCV x3, Marine  
  133  8:05  Barracks  
  141  8:08  Medivac, Marine x3  
  141  8:09  Medivac  
  148  8:13  Supply Depot  
  148  8:16  SCV  
  149  8:20  Terran Ship Weapons Level 1  
  149  8:31  Sensor Tower  
  149  8:35  Marauder, Widow Mine x2, Supply Depot, SCV x2  
  149  8:37  Supply Depot  
  157  8:42  Ghost Academy  
  157  8:51  Supply Depot  
  157  8:56  Medivac, SCV x2, Marine x4  
  157  8:59  Medivac, Marauder x3  
  173  9:03  Command Center  
  173  9:13  SCV  
  173  9:16  Marine x3  
  173  9:17  Barracks Tech Lab, Marine  
  177  9:20  Widow Mine  
  177  9:22  Barracks  
  180  9:25  Marauder x2, Widow Mine  
  180  9:26  Marauder  
  180  9:27  Supply Depot  
  188  9:34  Supply Depot  
  188  9:37  Supply Depot  
  188  9:49  Marauder, Widow Mine x2  
  162  10:08  Marine x2  
  162  10:09  Marauder x2  
  162  10:10  Medivac x2  
  162  10:11  Widow Mine x2  
  164  10:28  Marauder x2, Marine  
  164  10:31  Marine  
  164  10:32  Marauder x2  
  164  10:35  Marine x2  
  165  10:36  Terran Infantry Weapons Level 3  
  165  10:37  Terran Infantry Armor Level 3  
  165  10:38  Barracks Tech Lab  
  165  10:40  Medivac x2  
  170  10:44  Widow Mine x2  
  170  10:45  Marine  
  170  10:47  Barracks  
  170  10:49  Marauder, Marine  
  178  10:50  Marine  
  178  10:51  Personal Cloaking  
  178  10:52  Marine  
  180  10:57  Marine  
  180  10:58  Marine  
  180  10:59  Marauder x2  
  180  11:03  Marine  
  187  11:07  Marauder  
  187  11:08  Marine  
  187  11:09  Planetary Fortress  
  187  11:11  Marauder  
  190  11:15  Refinery  
  190  11:16  Refinery  
  190  11:17  Viking x2  
  182  11:19  Missile Turret  
  182  11:23  Marine  
  181  11:26  Marine x2  
  181  11:27  Marauder x2  
  187  11:34  Marauder x2, Marine x2  
  187  11:37  Barracks Reactor  
  187  11:39  Widow Mine x2  
  197  11:41  Starport  
  142  12:02  Marine  
  142  12:03  Marauder x2  
  142  12:04  Marauder, Marine  
  142  12:05  Marauder  
  156  12:10  Marine  
  156  12:11  Marauder  
  156  12:12  Marine  
  156  12:13  Marine  
  156  12:18  Medivac x2  
  156  12:22  Starport  
  143  12:24  Marauder x2, Marine  
  143  12:26  Marauder x2  
  143  12:28  Factory Reactor, Marine  
  153  12:32  Marauder  
  153  12:36  Command Center  
  155  12:37  Marine x2  
  155  12:39  Terran Ship Weapons Level 2  
  155  12:40  Marine x2  
  159  12:45  Marauder  
  161  12:54  Marine  
  161  12:55  Marauder x2  
  161  12:57  Marauder x2, Marine x2  
  161  12:58  Medivac x2  
  174  12:59  Viking x2  
  174  13:00  Marine  
  174  13:04  Marine  
  182  13:07  Marauder  
  182  13:08  Marine  
  182  13:10  Starport Tech Lab  
  185  13:12  Fusion Core  
  185  13:15  Marine  
  185  13:16  Marauder x2  
  185  13:18  Marauder x2  
  183  13:28  Marine  
  183  13:29  Marauder  
  183  13:31  Marine  
  185  13:36  Marine  
  185  13:37  Marauder x2, Marine x3  
  185  13:39  Medivac x2  
  185  13:40  Marauder  
  199  13:46  Marine  
  190  13:49  Marine  
  190  13:51  Marine  
  190  13:52  Marauder  
  190  13:53  Viking  
  190  13:54  Viking  
  179  13:56  Marine x2  
  179  13:57  Widow Mine  
  179  13:58  Viking, Widow Mine  
  179  14:00  Marauder  
  187  14:04  Marauder, Marine x2  
  187  14:09  Viking x2  
  193  14:12  Marine  
  193  14:13  Marine  
  193  14:15  Orbital Command  
  195  14:23  Viking  
  161  14:26  Viking  
  161  14:27  Marine x2  
  161  14:28  Marauder, Viking  
  169  14:31  Reaper  
  169  14:32  Marine x2  
  169  14:33  Marauder, Marine  
  169  14:39  Marauder x2, Marine  
  169  14:45  Marine  
  169  14:49  Marine  
  169  14:50  Marauder  
  157  14:53  Marine  
  157  14:54  Marauder  
  157  14:55  Marine  
  157  14:57  Marauder, Marine  
  137  15:01  Marauder x2  
  137  15:02  Viking x2  
  137  15:03  Marine x2  
  124  15:07  Marine  
  124  15:11  Marauder  
  124  15:12  Marine  
  104  15:15  Marauder  
  104  15:16  Widow Mine  
  104  15:19  Marauder  
  102  15:22  Marauder x2  
  102  15:24  Marine  
  107  15:28  Marine x2  
  107  15:31  Viking x2  
  107  15:33  Marauder  
Tags
 
Add a new tag
Caveats
  • Supply blocks, unpowered buildings, or Contaminate may cause inaccurate times.
  • Supply counts are checked every 10 seconds.